 Dungeon Crawl Stone Soup version 0.20-a0-1126-g0f15420 (webtiles) character file.

105 mopl the Grave Robber (level 4, -4/30 HPs)
             Began as a Demonspawn Necromancer on May 17, 2017.
             Slain by a shadow imp (5 damage)
             ... summoned by Natasha
             ... on level 2 of the Dungeon.
             The game lasted 00:04:03 (2363 turns).

mopl the Grave Robber (Demonspawn Necromancer)      Turns: 2363, Time: 00:04:04

Health: -4/30      AC:  2    Str:  9    XL:     4   Next: 54%
Magic:  1/8        EV: 12    Int: 17    God:
Gold:   57         SH:  0    Dex: 15    Spells: 1/9 levels left

rFire    . . .     SeeInvis .   d - +0 whip
rCold    . . .     Gourm    .   (no shield)
rNeg     . . .     Faith    .   a - +0 robe
rPois    .         Spirit   .   (helmet restricted)
rElec    .         Reflect  .   (no cloak)
rCorr    .         Harm     .   (no gloves)
MR       +....                  (no boots)
Stlth    ++........             (no amulet)
Regen    0.1/turn               j - ring of protection from magic
MPRegen  0.2/turn               (no ring)

@: no status effects
A: antennae 1, thin skeletal structure 1
a: no special abilities


You were on level 2 of the Dungeon.
You were not hungry.

You visited 1 branch of the dungeon, and saw 2 of its levels.

You collected 57 gold pieces.

Inventory:

Hand Weapons
 d - a +0 whip (weapon)
Missiles
 s - 29 poisoned needles
Armour
 a - a +0 robe (worn)
Jewellery
 j - a ring of protection from magic (left hand)
Scrolls
 g - 2 scrolls of blinking {unknown}
 h - a scroll of amnesia {unknown}
 k - 3 scrolls of remove curse {unknown}
 n - a scroll of enchant armour {unknown}
 o - a scroll of fog {unknown}
 q - a scroll of recharging {unknown}
Potions
 e - 3 potions of heal wounds
 l - a potion of might {unknown}
 p - a potion of brilliance {unknown}
 r - 2 potions of lignification {unknown}
 t - 2 potions of agility {unknown}
 u - a potion of curing {unknown}
Books
 b - a book of Necromancy

   Spells                             Type                      Level
   a - Pain                           Necromancy                   1
   b - Animate Skeleton               Necromancy                   1
   c - Vampiric Draining              Necromancy                   3
   d - Regeneration                   Charms/Necromancy            3
   e - Animate Dead                   Necromancy                   4
   f - Control Undead                 Necromancy                   4
Comestibles
 c - 2 bread rations
 f - a chunk of flesh
 i - 3 meat rations
 m - 2 royal jellies


   Skills:
 - Level 1.7 Dodging
 - Level 1.7 Stealth
 + Level 3.2 Spellcasting
 * Level 5.8 Necromancy


You had one spell level left.
You knew the following spells:

 Your Spells              Type           Power        Failure   Level  Hunger
a - Pain                  Necr           ###.         1%          1    None
b - Vampiric Draining     Necr           ###.......   4%          3    ###....
r - Regeneration          Chrm/Necr      ##........   16%         3    ###....
x - Animate Skeleton      Necr           N/A          1%          1    None


Dungeon Overview and Level Annotations

Branches:
Dungeon (2/15)

Altars:
Fedhas

Annotations:
D:2 Natasha


Innate Abilities, Weirdness & Mutations

You have a pair of small antennae on your head.
You have a somewhat thin skeletal structure. (Dex +2, Stealth)


Message History

Natasha is severely wounded.
You feel life coursing into your body. Natasha claws you!
The shadow imp puffs mist at you. The shadow imp hits you.
Unknown command.
You hit Natasha but do no damage.
Natasha is severely wounded.
Your kobold skeleton hits Natasha with a dagger.
Natasha completely misses you. The shadow imp gestures at you.
You resist with some effort.
The crimson imp blinks!
You closely miss Natasha.
Natasha is severely wounded.
Natasha extends her claws.
Natasha stares at you and mumbles some strange words.
The magic dart hits you!
* * * LOW HITPOINT WARNING * * *
Your kobold skeleton barely misses Natasha.
The shadow imp hits you.
You die...

..# #.# #......#
#.... ..########.#
###...### ####.
...........# #..5..#
#####. ############
######..##.####...#.
#
..................##
#......#.####...#
###ยง.Z.....# ##.##
# #..5h...#..# #.#
#. #.#@#......# #.#
#.##.#.#.#.#<## #.#
#).....#.#.#.#
####.###
#####..###.....#
#....... #.......##
>...# #.##..#.
#.###(#.# ...
#.###.#. # ##.#.#
#.##..#. # #..#.#
#.##.##. #.##.##.#
#.##.##.


You could see Natasha, a crimson imp, a shadow imp and a friendly kobold
skeleton.

Vanquished Creatures
  Jessica (D:2)
  Natasha (D:2)
  3 worms (D:2)
  A dart slug (D:1)
  A leopard gecko (D:2)
  An orc (D:1)
  2 giant cockroaches (D:1)
  4 goblins
  A hobgoblin (D:1)
  2 jackals (D:2)
  A ball python (D:1)
  9 bats (D:1)
  2 frilled lizards (D:1)
  5 kobolds
  7 rats
41 creatures vanquished.

Vanquished Creatures (collateral kills)
  An ooze (D:1)
  A giant cockroach (D:1)
2 creatures vanquished.

Grand Total: 43 creatures vanquished

Notes
Turn   | Place    | Note
-------+----------+-------------------------------------------
     0 | D:1      | mopl the Demonspawn Necromancer began the quest for the Orb.
     0 | D:1      | Reached XP level 1. HP: 13/13 MP: 3/3
    97 | D:1      | Learned a level 1 spell: Animate Skeleton
   637 | D:1      | Gained mutation: You have a pair of small antennae on your head. [demonic ancestry]
   637 | D:1      | Reached XP level 2. HP: 7/19 MP: 1/5
  1318 | D:1      | Reached skill level 5 in Necromancy
  1319 | D:1      | Gained mutation: You have a somewhat thin skeletal structure. (Dex +2, Stealth) [demonic ancestry]
  1319 | D:1      | Reached XP level 3. HP: 24/24 MP: 5/7
  1331 | D:1      | Learned a level 3 spell: Vampiric Draining
  1618 | D:2      | Found a blossoming altar of Fedhas.
  1623 | D:2      | Noticed Natasha
  1650 | D:2      | Killed Natasha
  1650 | D:2      | Reached skill level 3 in Spellcasting
  1750 | D:2      | Noticed Jessica
  1756 | D:2      | Killed Jessica
  1756 | D:2      | Reached XP level 4. HP: 26/30 MP: 5/8
  2186 | D:2      | Learned a level 3 spell: Regeneration
  2343 | D:2      | Noticed Natasha
  2363 | D:2      | HP: 1/30 [Natasha/magic dart (11)]
  2363 | D:2      | Slain by a shadow imp

Vault maps used:
D:1:      zaba_arrival_water, hangedman_decor_slide_cut, dk_noncrumbling_2
D:2:      fedhas_altar_2, first_bread, uniq_jessica, uniq_crazy_yiuf_cottage,
          uniq_natasha

Skill      XL: |  1  2  3 |
---------------+----------+-----
Necromancy     | 5 |  5.8
Spellcasting   | 3 |  3.2
Dodging        | |  1.7
Stealth        | |  1.7

Action                   |  1- 3 |  4- 6 || total
-------------------------+-------+-------++-------
Melee: Whip              |    56 |    18 ||    74
 Cast: Pain              |    42 |    23 ||    65
       Animate Skeleton  |     4 |     3 ||     7
       Vampiric Draining |       |     1 ||     1
       Regeneration      |       |     1 ||     1
 Stab: Sleeping          |     4 |       ||     4
  Eat: Chunk             |     3 |     2 ||     5
Armor: Robe              |    18 |     2 ||    20
Dodge: Dodged            |    60 |     6 ||    66
